 Dungeon Crawl Stone Soup version 0.21-a0-113-g6841d05 (webtiles) character file.

1734 Ijustatesigmund the Grappler (level 8, 80/80 HPs)
             Began as a Troll Monk on July 12, 2017.
             Quit the game on level 7 of the Dungeon.
             The game lasted 00:08:23 (4040 turns).

Ijustatesigmund the Grappler (Troll Monk)           Turns: 4040, Time: 00:08:24

Health: 80/80      AC:  8    Str: 20    XL:     8   Next: 76%
Magic:  6/7        EV: 10    Int:  4    God:
Gold:   353        SH:  0    Dex: 14    Spells: 7/7 levels left

rFire    + . .     SeeInvis .     - Unarmed
rCold    . . .     Gourm    +   (no shield)
rNeg     . . .     Faith    .   a - +1 robe
rPois    .         Spirit   .   (helmet restricted)
rElec    .         Reflect  .   p - +1 cloak (curse)
rCorr    .         Harm     .   (gloves unavailable)
MR       +....     Rnd*Tele +   (boots unavailable)
Stlth    ++........             (no amulet)
HPRegen  0.63/turn              s - ring of protection from fire
MPRegen  0.10/turn              h - ring of protection from magic

@: no status effects
A: unfitting armour, claws 3, horns 1, dopey 1, fast metabolism 3, gourmand,
regeneration 1, shaggy fur 1, teleportitis 1, tough skin 2
a: no special abilities


You were on level 7 of the Dungeon.
You were full.

You visited 1 branch of the dungeon, and saw 7 of its levels.

You collected 353 gold pieces.

Inventory:

Armour
 a - a +1 robe (worn)
 p - a cursed +1 cloak (worn)
Jewellery
 h - a ring of protection from magic (right claw)
 m - an uncursed ring of positive energy
 r - an uncursed ring of protection from magic
 s - a ring of protection from fire (left claw)
Wands
 c - a wand of paralysis (10/24)
 o - a wand of lightning (5/15)
 q - a wand of random effects (20/48)
 u - a wand of random effects (17/48)
 v - a wand of iceblast (7/15)
Scrolls
 d - 5 scrolls of teleportation
 e - 2 scrolls of identify
 k - a scroll of enchant weapon
 n - a scroll of magic mapping
 x - a scroll of remove curse
Potions
 i - 2 potions of lignification
 j - 3 potions of curing
 t - a potion of brilliance
 w - a potion of might
Comestibles
 b - 4 bread rations
 f - 3 fruits
 g - 3 meat rations
 l - 2 royal jellies


   Skills:
 + Level 5.1 Fighting
 - Level 2.4 Dodging
 - Level 1.0 Stealth
 + Level 10.3 Unarmed Combat


You had 7 spell levels left.
You didn't know any spells.

Dungeon Overview and Level Annotations

Branches:
Dungeon (7/15)             Temple (0/1) D:4

Altars:
Dithmenos
Gozag
Hepliaklqana
Makhleb
Vehumet
The Shining One


Innate Abilities, Weirdness & Mutations

You are too large for most types of armour.
You have claws for hands.
Your metabolism is lightning-fast.
You like to eat raw meat.
Your natural rate of healing is unusually fast.
You are covered in fur. (AC +1)
You have very tough skin. (AC +2)
You have a pair of small horns on your head.
You are dopey. (Int -2)
You are occasionally teleported next to monsters.


Message History

This raw flesh tastes great.
You now have 340 gold pieces (gained 10).
You see here a potion of mutation.
You now have 353 gold pieces (gained 13).
Found 12 poisoned needles.
Search for what [? for help]? mut You see here a jackal skeleton.
You see here a potion of mutation.
z - a potion of mutation Quiver which item? (- for none, * to show all) (? for menu, Esc to quit)
Quivering
z - a potion of mutation for throwing.
Unknown command.
Unknown command.
You feel extremely strange.
You feel agile.
Your hooves expand and flesh out into feet!
You feel more energetic.
You regain control of your magic.
You feel weirdly uncertain.
You feel stupid. A pair of horns grows on your head!
Are you sure you want to abandon this character and quit the game? (Confirm with "yes".)

############ ##
##..........###### ###.
#................##
#...
#.................#
#...
#.............(...#
#...
##...............##
#... #......@..รท...###
###... #............##
##...##
###..........#####...##
###....###..##...###
###### ###...### ##.##
#.# #.# #.##


There were no monsters in sight!

Vanquished Creatures
  A hippogriff (D:6)
  The ghost of graki42 the Digger, an amateur DEEE (D:3)
  A sky beast (D:5)
  3 ogres
  A centaur (D:5)
  2 bullfrogs (D:6)
  A water moccasin zombie (D:6)
  3 scorpions
  2 crimson imps
  5 hounds
  A centaur skeleton (D:7)
  3 orc priests
  An iguana (D:5)
  3 iron imps (D:5)
  A worker ant (D:4)
  A howler monkey skeleton (D:4)
  10 adders
  2 oozes (D:2)
  A dart slug (D:1)
  2 leopard geckos
  12 orcs
  5 bats
  8 giant cockroaches
  8 goblins
  6 hobgoblins
  6 jackals
  2 quokkas (D:4)
  A ball python skeleton (D:4)
  6 frilled lizards
  11 kobolds
  A quokka skeleton (D:5)
  4 rats
115 creatures vanquished.

Notes
Turn   | Place    | Note
-------+----------+-------------------------------------------
     0 | D:1      | Ijustatesigmund the Troll Monk began the quest for the Orb.
     0 | D:1      | Reached XP level 1. HP: 22/22 MP: 0/0
   113 | D:1      | Reached XP level 2. HP: 29/29 MP: 1/1
   184 | D:1      | Reached skill level 4 in Unarmed Combat
   533 | D:2      | Reached XP level 3. HP: 36/36 MP: 2/2
   898 | D:2      | Reached XP level 4. HP: 44/44 MP: 3/3
   903 | D:2      | Reached skill level 5 in Unarmed Combat
  1292 | D:3      | Gained mutation: Your magical capacity is low. (-10% MP) [potion of mutation]
  1292 | D:3      | Gained mutation: You have large cloven feet. [potion of mutation]
  1292 | D:3      | Gained mutation: You are clumsy. (Dex -2) [potion of mutation]
  1292 | D:3      | Gained mutation: Your spells are a little harder to cast, but a little more powerful. [potion of mutation]
  1370 | D:3      | Noticed graki42's ghost (amateur DEEE)
  1375 | D:3      | Killed graki42's ghost
  1375 | D:3      | Reached skill level 6 in Unarmed Combat
  1375 | D:3      | Reached XP level 5. HP: 38/50 MP: 3/3
  1841 | D:4      | Noticed an ogre
  1849 | D:4      | Killed an ogre
  1849 | D:4      | Reached skill level 7 in Unarmed Combat
  1849 | D:4      | Reached XP level 6. HP: 59/59 MP: 4/4
  1890 | D:4      | Found a staircase to the Ecumenical Temple.
  2247 | D:4      | Reached skill level 8 in Unarmed Combat
  2247 | D:4      | Reached XP level 7. HP: 45/66 MP: 5/5
  2440 | D:4      | Found a hazy altar of Hepliaklqana.
  2617 | D:5      | Entered Level 5 of the Dungeon
  2861 | D:6      | Found a glowing golden altar of the Shining One.
  2906 | D:6      | Reached skill level 9 in Unarmed Combat
  2928 | D:6      | Noticed a hippogriff
  2934 | D:6      | Killed a hippogriff
  2972 | D:6      | Reached XP level 8. HP: 58/75 MP: 6/6
  3121 | D:6      | Found a shadowy altar of Dithmenos.
  3122 | D:6      | Found an opulent altar of Gozag.
  3356 | D:5      | Reached skill level 10 in Unarmed Combat
  3475 | D:5      | Found a radiant altar of Vehumet.
  3658 | D:5      | Found a burning altar of Makhleb.
  3765 | D:7      | Reached skill level 5 in Fighting
  4039 | D:7      | Lost mutation: You are clumsy. (Dex -2) [potion of mutation]
  4039 | D:7      | Lost mutation: You have large cloven feet. [potion of mutation]
  4039 | D:7      | Lost mutation: Your magical capacity is low. (-10% MP) [potion of mutation]
  4039 | D:7      | Lost mutation: Your spells are a little harder to cast, but a little more powerful. [potion of mutation]
  4039 | D:7      | Gained mutation: You are occasionally teleported next to monsters. [potion of mutation]
  4039 | D:7      | Gained mutation: You are dopey. (Int -2) [potion of mutation]
  4039 | D:7      | Gained mutation: You have a pair of small horns on your head. [potion of mutation]
  4040 | D:7      | Quit the game

Vault maps used:
D:1:      dpeg_arrival_yet_another_circle
D:2:      kennysheep_generic_room_9
D:3:      first_bread, serial_curves, eino_curves_03, eino_curves_03,
          eino_curves_02, minmay_cut_off
D:4:      lemuel_round_altar, minmay_temple_entry_statues
D:5:      demons_altar, kennysheep_mini, minivault_26
D:6:      lemuel_coloured_pillars_altar, gammafunk_temple_overflow_pools,
          serial_park_tiny_1
D:7:      nicolae_overflow_crystal_walls, hangedman_ru_absence

Skill      XL: |  1  2  3  4  5  6  7  8 |
---------------+-------------------------+-----
Unarmed Combat | 4 6 7 8 9 10 | 10.3
Fighting       | 3 5 |  5.1
Dodging        | |  2.4
Stealth        | |  1.0

Action                   |  1- 3 |  4- 6 |  7- 9 || total
-------------------------+-------+-------+-------++-------
Melee: Unarmed           |    96 |   108 |   130 ||   334
       Punch             |     2 |     3 |     5 ||    10
       Kick              |       |    14 |    34 ||    48
  Use: Scroll            |     6 |     2 |     7 ||    15
       Potion            |       |     1 |     1 ||     2
 Stab: Sleeping          |     1 |     1 |       ||     2
  Eat: Chunk             |    10 |    16 |    12 ||    38
Armor: Robe              |    41 |    40 |    44 ||   125
Dodge: Dodged            |    40 |    54 |    63 ||   157
